 Dungeon Crawl Stone Soup version 0.26-a0-665-gefeb406119 (console) character file.

Game seed: 16437827648574079950

7293 om the Covert (level 10, -7/50 HPs)
             Began as a Vampire Necromancer on Oct 13, 2020.
             Was a Follower of Kikubaaqudgha.
             Mangled by Jorgrun
             ... wielding a +0 vorpal quarterstaff
              (21 damage)
             ... on level 9 of the Dungeon.
             The game lasted 00:42:33 (15665 turns).

om the Covert (Vampire Necromancer)                Turns: 15665, Time: 00:42:34

Health: -7/50      AC:  9    Str: 10    XL:     10   Next: 89%
Magic:  1/17       EV: 20    Int: 17    God:    Kikubaaqudgha [*.....]
Gold:   565        SH:  6    Dex: 22    Spells: 4/19 levels left

rFire    . . .     SeeInvis +   x - +9 mace "Kajogus" {freeze, +Inv Dex+3}
rCold    + + .     Faith    .   u - +0 buckler {rN+}
rNeg     + + +     Spirit   .   l - +2 robe {MR+}
rPois    ∞         Reflect  .   v - +1 hat
rElec    .         Harm     .   F - +1 cloak
rCorr    .         Rampage  .   K - +1 pair of gloves {Dex+3}
MR       +++..                  (no boots)
Stlth    ++++++....             (no amulet)
HPRegen  0.00/turn              q - +4 ring of evasion
MPRegen  0.15/turn              j - ring of protection from magic

@: mighty, grasped by roots, bloodless, constricted
A: fangs 3, see invisible, unbreathing
a: Bat Form, Revivify, Receive Corpses, Renounce Religion, Evoke Invisibility


You were on level 9 of the Dungeon.
You worshipped Kikubaaqudgha.
Kikubaaqudgha was aware of your devotion.
You visited 3 branches of the dungeon, and saw 11 of its levels.

You collected 565 gold pieces.

Inventory:

Hand Weapons
 x - the +9 mace "Kajogus" (weapon) {freeze, +Inv Dex+3}
   (You found it on level 6 of the Dungeon)

   It has been specially enchanted to freeze those struck by it, causing extra
   injury to most foes and up to half again as much damage against particularly
   susceptible opponents.
   It can also slow down cold-blooded creatures.
   It affects your dexterity (+3).
   It lets you turn invisible.
Armour
 l - a +2 robe of magic resistance (worn)
 u - a +0 buckler of positive energy (worn)
 v - a +1 hat (worn)
 F - a +1 cloak (worn)
 G - +0 steam dragon scales
 K - a +1 pair of gloves of dexterity (worn)
Jewellery
 a - an uncursed ring of positive energy
 j - a ring of protection from magic (right hand)
 q - a +4 ring of evasion (left hand)
 E - an uncursed ring of poison resistance
Wands
 i - a wand of paralysis (13)
 o - a wand of polymorph (27)
 y - a wand of digging (5)
 L - a wand of random effects (16)
Scrolls
 c - a scroll of teleportation
 e - 4 scrolls of remove curse
 f - a scroll of amnesia {unknown}
 g - 2 scrolls of immolation {unknown}
 k - 3 scrolls of enchant weapon
 m - 3 scrolls of magic mapping {unknown}
 n - 4 scrolls of fog
 C - a scroll of fear {unknown}
 D - 2 scrolls of noise {unknown}
 H - a scroll of silence {unknown}
 J - a scroll of enchant armour {unknown}
Potions
 b - 2 potions of ambrosia
 d - a potion of heal wounds
 h - a potion of cancellation
 p - 2 potions of flight {unknown}
 s - a potion of degeneration {unknown}
 t - 3 potions of curing
 z - a potion of lignification {unknown}
 A - a potion of haste {unknown}
 B - a potion of brilliance {unknown}
 I - a potion of magic {unknown}


   Skills:
 * Level 5.9 Maces & Flails
 + Level 7.5 Dodging
 - Level 8.0 Stealth
 - Level 4.0 Shields
 - Level 5.5 Unarmed Combat
 - Level 5.0 Spellcasting
 - Level 6.0 Hexes
 - Level 5.2 Summonings
 - Level 8.0 Necromancy
 * Level 0.1 Air Magic
 * Level 2.0 Evocations


You had 4 spell levels left.
You knew the following spells:

 Your Spells              Type           Power        Failure   Level
a - Pain                  Necr           ####         1%          1
b - Vampiric Draining     Necr           ####......   1%          3
c - Animate Dead          Necr           ####......   5%          4
d - Summon Small Mammal   Summ           ###.         1%          1
e - Shock                 Conj/Air       #...         14%         1
f - Confusing Touch       Hex            ###.....     3%          3
g - Sublimation of Blood  Necr           ####......   1%          2

Your spell library contained the following spells:

 Spells                   Type           Power        Failure   Level
 Animate Skeleton         Necr           ####..       1%          1
 Corona                   Hex            ###....      1%          1
 Apportation              Tloc           #.....       14%         1
 Swiftness                Air            #.......     21%         2
 Gell's Gravitas          Tloc           #.........   38%         3
 Static Discharge         Conj/Air       #.......     38%         3
 Airstrike                Air            #.........   78%         4
 Petrify                  Tmut/Erth      #.......     80%         4
 Agony                    Necr           ####....     14%         5
 Metabolic Englaciation   Hex/Ice        ##........   75%         5
 Yara's Violent Unravell  Hex/Tmut       ##........   75%         5
 Lightning Bolt           Conj/Air       #.........   98%         5


Dungeon Overview and Level Annotations

Branches:
Dungeon (9/15)             Temple (1/1) D:6             Orc (1/2) D:9
   Lair: D:8-11

Altars:
Ashenzari
Cheibriados
Dithmenos
Elyvilon
Fedhas
Hepliaklqana
Kikubaaqudgha
Makhleb
Nemelex Xobeh
Okawaru
Qazlal
Ru
Sif Muna
Trog
Uskayaw
Vehumet
Wu Jian
Xom
Yredelemnul
Zin
The Shining One

Annotations:
D:9 exclusion: boulder beetle, Harold, Jorgrun


Innate Abilities, Weirdness & Mutations

You do not regenerate when monsters are visible.
You are frail without blood (-20% HP).
You can heal yourself when you bite living creatures.
You are immune to poison.
You have razor-sharp teeth.
You have supernaturally acute eyesight. (SInv)
You can survive without breathing.


Message History

You feel very mighty all of a sudden.
Jorgrun says, "May tha earth consume ye!"
Casting: Vampiric Draining (safe; 1% risk of failure)
Confirm with . or Enter, or press ? or * to list all spells.
Aiming: Vampiric Draining (safe; 1% risk of failure)
Press: ? - help, Shift-Dir - straight line, f/p - Jorgrun
Aim: Jorgrun, wielding a +0 vorpal quarterstaff and wearing a +0 robe (lightly wounded) Jorgrun is lightly wounded.
You feel life coursing into your body. Jorgrun gestures at you while chanting.
Roots burst forth from the earth!
The grasping roots grab you!
* * * LOW HITPOINT WARNING * * *
The grasping roots constrict you!
Casting: Vampiric Draining (safe; 1% risk of failure)
Confirm with . or Enter, or press ? or * to list all spells.
You don't have enough magic to cast that spell.
Jorgrun hits you with a +0 vorpal quarterstaff!!
You die...
Kikubaaqudgha rasps: "You have failed me!
Welcome... oblivion!"

#....# #.[#........# ######
#......###### #.[...##
#####....## ####### #...#.)..##
......# #.........#
.####.######.........###########
.# #..............[............#
.# #..###......[>..#.#########.#
.###..# #......[g..#.# #.#
......# ####....@....# ####.##
####.## #..[....### #...... #.#
##........# #.##.## #.#
##.....###.# #.##.##
##.#####......#.#.# #.#...#
#...##........[.#.# #..#..#
#..........#....#.# ##.#....
#...##....##.._.#.## ##.##.###
#####......#....#..## #.###.# #
######...#........#...####.##.###
.))[[[.)........#.#...'.....#....


You could see Jorgrun.

Vanquished Creatures
  An orc knight (D:9)
  2 rust devils (D:6)
  Psyche (D:8)
  Maggie (D:6)
  A troll (D:9)
  Prince Ribbit (D:5)
  A wyvern (D:9)
  2 fire bats (D:8)
  Edmund (D:4)
  A hell hound (D:8)
  A black bear (D:4)
  6 sky beasts
  An ice beast (D:8)
  6 orc warriors
  3 ogres
  4 necrophages (D:7)
  2 centaurs
  A big kobold (D:8)
  4 bullfrogs
  5 scorpions
  11 wights
  2 howler monkeys
  A bullfrog zombie (D:5)
  A jelly (D:8)
  10 orc wizards
  7 orc priests
  A centaur skeleton (D:7)
  7 hounds
  Jessica (D:2)
  4 iguanas
  5 worker ants
  3 hound zombies
  2 hound skeletons
  A worker ant zombie (D:6)
  4 gnolls (D:3)
  14 adders
  3 shadow imps
  A white imp (D:5)
  3 ufetubi
  3 oozes
  4 adder zombies
  3 worms
  6 dart slugs
  5 leopard geckos
  29 orcs
  2 ball pythons
  4 bats
  4 giant cockroaches
  8 goblins
  3 hobgoblins
  14 jackals
  2 quokkas
  4 frilled lizards
  A jackal skeleton (D:4)
  A jackal zombie (D:7)
  8 kobolds
  A leopard gecko skeleton (D:6)
  2 leopard gecko zombies
  A quokka skeleton (D:4)
  3 rats (D:3)
234 creatures vanquished.

Vanquished Creatures (collateral kills)
  A killer bee zombie (D:5)
1 creature vanquished.

Vanquished Creatures (others)
  An ogre (D:4)
  A frilled lizard (D:4)
  3 plants (D:3)
  8 withered plants
13 creatures vanquished.

Grand Total: 248 creatures vanquished

Notes
Turn   | Place    | Note
-------+----------+-------------------------------------------
     0 | D:1      | om the Vampire Necromancer began the quest for the Orb.
     0 | D:1      | Reached XP level 1. HP: 13/13 MP: 3/3
   498 | D:1      | Reached XP level 2. HP: 18/19 MP: 0/5
   628 | D:1      | Reached skill level 5 in Necromancy
  1025 | D:2      | Reached XP level 3. HP: 19/19 MP: 1/6
  1568 | D:2      | Reached XP level 4. HP: 24/24 MP: 4/7
  1620 | D:2      | Noticed Jessica
  1627 | D:2      | Killed Jessica
  2239 | D:2      | Found a basalt altar of Yredelemnul.
  2440 | D:2      | Reached skill level 1 in Unarmed Combat
  2440 | D:2      | Reached XP level 5. HP: 12/28 MP: 4/9
  3796 | D:3      | Reached skill level 5 in Stealth
  3796 | D:3      | Reached XP level 6. HP: 32/32 MP: 4/10
  3846 | D:3      | Learned a level 3 spell: Vampiric Draining
  3851 | D:3      | Learned a level 4 spell: Animate Dead
  4761 | D:4      | Reached XP level 7. HP: 11/36 MP: 2/12
  5037 | D:4      | Learned a level 1 spell: Summon Small Mammal
  5347 | D:4      | Found a shimmering altar of Xom.
  5485 | D:5      | Entered Level 5 of the Dungeon
  6085 | D:5      | Reached skill level 1 in Summonings
  6297 | D:5      | Found a broken altar of Ashenzari.
  6330 | D:5      | Noticed Edmund
  6702 | D:5      | Noticed Prince Ribbit
  6730 | D:5      | Found a hazy altar of Hepliaklqana.
  6731 | D:5      | Found a shimmering altar of Xom.
  6731 | D:5      | Noticed a tyrant leech
  6732 | D:5      | Noticed a spectral ugly thing
  6757 | D:5      | Found a hazy altar of Hepliaklqana.
  7773 | D:5      | Reached XP level 8. HP: 37/41 MP: 9/14
  8058 | D:4      | Killed Edmund
  8446 | D:6      | Reached skill level 5 in Unarmed Combat
  8759 | D:6      | Found a staircase to the Ecumenical Temple.
  8773 | Temple   | Entered the Ecumenical Temple
  8965 | D:6      | Noticed Maggie
  9057 | D:6      | Found an ornate altar of the Wu Jian Council.
  9072 | D:6      | Learned a level 1 spell: Shock
  9098 | D:6      | Reached skill level 5 in Dodging
  9098 | D:6      | Reached skill level 1 in Shields
  9269 | D:6      | Reached skill level 5 in Spellcasting
  9349 | D:6      | Got a transparent mace
  9366 | D:6      | Identified the +9 mace "Kajogus" {freeze, +Inv Dex+3} (You
                  | found it on level 6 of the Dungeon)
  9565 | D:7      | Reached XP level 9. HP: 43/45 MP: 14/16
  9574 | D:7      | Reached skill level 1 in Maces & Flails
 10222 | D:5      | Killed Prince Ribbit
 10524 | D:6      | Killed Maggie
 10616 | D:5      | Noticed a rust devil
 10616 | D:5      | Noticed a rust devil
 10693 | D:5      | Reached skill level 5 in Summonings
 10882 | D:5      | Found a broken altar of Ashenzari.
 11017 | D:5      | Found a hazy altar of Hepliaklqana.
 11018 | D:5      | Found a shimmering altar of Xom.
 11189 | D:5      | Found a hazy altar of Hepliaklqana.
 11741 | D:8      | Found a stormy altar of Qazlal.
 11779 | D:8      | Learned a level 3 spell: Confusing Touch
 12082 | D:8      | Reached skill level 1 in Hexes
 12302 | D:8      | Noticed Psyche
 12351 | D:8      | Killed Psyche
 12351 | D:8      | Reached XP level 10. HP: 42/50 MP: 6/17
 12520 | D:8      | Found a transporter.
 12587 | D:8      | Found a shimmering blue altar of Sif Muna.
 12981 | D:8      | Found a transporter.
 13688 | D:9      | Noticed a boulder beetle
 13762 | D:9      | Reached skill level 5 in Hexes
 13889 | D:9      | Found an ancient bone altar of Kikubaaqudgha.
 13899 | D:9      | Became a worshipper of Kikubaaqudgha
 13917 | D:9      | Found a staircase to the Orcish Mines.
 14272 | D:9      | Noticed Harold
 14525 | D:6      | Killed a rust devil
 14530 | D:6      | Killed a rust devil
 14530 | D:6      | Reached skill level 5 in Maces & Flails
 14895 | Orc:1    | Entered Level 1 of the Orcish Mines
 14895 | Orc:1    | Noticed an orc knight
 15016 | D:9      | Killed an orc knight
 15016 | D:9      | Reached skill level 1 in Evocations
 15273 | D:9      | Reached * piety under Kikubaaqudgha
 15273 | D:9      | Identified Kikubaaqudgha's Disquisition on Evil Rites
                  | (Kikubaaqudgha gifted it to you on level 9 of the Dungeon)
 15273 | D:9      | Received a gift from Kikubaaqudgha
 15280 | D:9      | Learned a level 2 spell: Sublimation of Blood
 15499 | Orc:1    | Noticed Jorgrun
 15665 | D:9      | Mangled by Jorgrun

Illustrated notes

Levels and vault maps discovered:
D:1:      nzn_arrival_depleted_hourglass, layout_basic, hex_large,
          nrook_mini_backslash
D:2:      layout_rooms, yredelemnul_altar_generic, uniq_jessica
D:3:      layout_basic, minmay_misc_feat_roman, serial_bayou_crossing
D:4:      layout_loops_ring, xom_confusion_cloud
D:5:      cheibrodos_iron_armory, layout_loops_ring,
          regret_index_temple_of_mockery, lemuel_doored_altar,
          hangedman_decor_riveting, minmay_ruined_shrine, uniq_prince_ribbit1,
          uniq_edmund
D:6:      layout_basic, nicolae_overflow_crystal_walls,
          minmay_temple_entry_proselytizer, uniq_maggie
D:7:      layout_rooms, serial_undead, serial_undead_b, serial_undead_b,
          serial_undead_f, serial_undead_a
D:8:      gammafunk_cloud_chamber, layout_loops_ring, grunt_qazlal_clouds,
          marbit_many_paths, uniq_psyche
D:9:      layout_loops_corners, kiku_gazebo_garden_becter,
          nicolae_gozag_cash_rules_everything_around_me,
          erik_lair_orcish_takeover, orc_0_dummy, uniq_harold
Temple:   dshaligram_water_room_temple
Orc:1:    layout_caves, uniq_jorgrun

Skill      XL: |  1  2  3  4  5  6  7  8  9 10 |
---------------+-------------------------------+-----
Necromancy     | 5 6 7 8 |  8.0
Dodging        | 3 4 5 6 7 |  7.5
Stealth        | 4 5 6 7 8 |  8.0
Unarmed Combat | 1 2 3 4 5 |  5.5
Spellcasting   | 3 4 5 |  5.0
Summonings     | 2 3 5 |  5.2
Shields        | 1 4 |  4.0
Maces & Flails | 3 5 |  5.9
Hexes          | 2 6 |  6.0
Evocations     | 2 |  2.0
Air Magic      | |  0.1

Action                   |  1- 3 |  4- 6 |  7- 9 | 10-12 || total
-------------------------+-------+-------+-------+-------++-------
Melee: Unarmed           |    14 |    22 |   198 |       ||   234
       Bite              |       |     2 |    38 |    15 ||    55
       Mace              |       |       |    81 |   136 ||   217
       Punch             |       |       |     2 |       ||     2
 Cast: Pain              |    50 |   130 |   159 |    36 ||   375
       Vampiric Draining |       |     1 |    45 |    39 ||    85
       Summon Small Mamm |       |       |    15 |       ||    15
       Shock             |       |       |     1 |       ||     1
       Confusing Touch   |       |       |       |     5 ||     5
       Animate Dead      |       |       |       |     3 ||     3
 Abil: Exsanguinate      |     1 |       |       |       ||     1
Evoke: Wand              |       |       |       |    11 ||    11
  Use: Scroll            |       |       |    12 |     1 ||    13
       Potion            |       |       |     2 |     4 ||     6
 Stab: Sleeping          |       |     2 |    16 |     9 ||    27
       Distracted        |       |       |     1 |       ||     1
Armor: Robe              |     3 |    11 |    43 |    13 ||    70
Dodge: Dodged            |    20 |    47 |   303 |   159 ||   529
Block: Buckler           |       |       |    30 |    59 ||    89

Table legend: (Time is in decaauts)
 A = Elapsed time spent in this place.
 B = Non-inter-level travel time spent in this place.
 C = Inter-level travel time spent in this place.
 D = Time resting spent in this place.
 E = Time spent auto-exploring this place.
 F = Levels seen in this place.
 G = Mean time per level.
                   A        B        C        D        E       F      G
               +--------+--------+--------+--------+--------+-----+--------+
         Total |  15745 |  14471 |   1274 |   5414 |   6225 |  11 | 1431.4 |
       Dungeon |  15441 |  14190 |   1251 |   5398 |   6045 |   9 | 1715.7 |
        Temple |    161 |    139 |     22 |      0 |    137 |   1 |  161.0 |
  Orcish Mines |    142 |    142 |      0 |     16 |     43 |   1 |  142.0 |
               +--------+--------+--------+--------+--------+-----+--------+

Top non-repeatable levels by time:
     D:5: 2895 daAuts
     D:4: 2331 daAuts
     D:8: 2153 daAuts
     D:6: 1758 daAuts
     D:3: 1428 daAuts
     D:9: 1422 daAuts
     D:1: 1422 daAuts
     D:2: 1212 daAuts
     D:7: 818 daAuts
  Temple: 161 daAuts
   Orc:1: 142 daAuts
